Map: Dusk Towers

Players

oliM - Winner!

  • Race: Protoss Protoss
  • League: Grandmaster

MajorWalec

  • Race: Terran Terran
  • League: Master

VOD

Have the link to the VOD?

Description

Time

  • Played on: May 14, 2016, 1:28 a.m.
  • Length: 11:43
Show
View Real Time Build Order
Export as new Build Order

oliM Protoss - Winner!

Build Orders: 1 Gate Expand, Phoenix Opening 

Get SALT Encoding   

  12  0:01  Probe (Chrono Boost)  
  13  0:12  Probe (Chrono Boost)  
  14  0:19  Pylon  
  14  0:22  Probe (Chrono Boost)  
  15  0:37  Probe (Chrono Boost)  
  15  0:39  Gateway  
  16  0:48  Probe (Chrono Boost)  
  17  0:51  Assimilator  
  17  0:58  Probe (Chrono Boost)  
  18  1:09  Probe (Chrono Boost)  
  19  1:20  Nexus  
  19  1:33  Cybernetics Core  
  19  1:34  Probe (Chrono Boost)  
  20  1:44  Assimilator  
  20  1:45  Probe (Chrono Boost)  
  21  1:55  Probe (Chrono Boost)  
  21  1:56  Pylon  
  22  2:06  Probe (Chrono Boost)  
  23  2:12  Warp Gate  
  23  2:14  Adept (Chrono Boost)  
  25  2:16  Probe (Chrono Boost)  
  26  2:28  Probe (Chrono Boost)  
  27  2:30  Pylon  
  27  2:38  Probe  
  27  2:41  Probe (Chrono Boost)  
  28  2:51  Mothership Core (Chrono Boost)  
  30  2:53  Probe (Chrono Boost)  
  30  2:56  Stargate  
  31  3:04  Probe (Chrono Boost)  
  32  3:09  Probe (Chrono Boost)  
  33  3:14  Probe (Chrono Boost)  
  33  3:20  Probe (Chrono Boost)  
  33  3:25  Probe (Chrono Boost)  
  35  3:28  Robotics Facility  
  35  3:30  Probe (Chrono Boost)  
  36  3:34  Gateway  
  36  3:35  Probe (Chrono Boost)  
  36  3:40  Phoenix (Chrono Boost)  
  36  3:41  Probe (Chrono Boost)  
  40  3:44  Probe  
  41  3:53  Probe  
  41  3:55  Probe  
  42  3:57  Pylon  
  43  4:03  Phoenix (Chrono Boost)  
  43  4:05  Probe  
  43  4:06  Probe  
  47  4:10  Pylon  
  47  4:15  Observer  
  47  4:16  Probe  
  48  4:17  Probe  
  48  4:19  Stalker  
  52  4:27  Probe  
  52  4:28  Assimilator  
  52  4:29  Probe  
  54  4:32  Phoenix (Chrono Boost)  
  54  4:37  Probe  
  56  4:41  Probe, Pylon  
  56  4:45  Assimilator  
  58  4:48  Probe, Adept x2  
  63  4:53  Probe  
  63  4:56  Observer  
  63  4:58  Probe  
  65  5:03  Forge  
  65  5:05  Probe  
  65  5:06  Gateway  
  67  5:08  Phoenix (Chrono Boost)  
  67  5:13  Probe  
  70  5:28  Probe  
  70  5:34  Phoenix (Chrono Boost)  
  70  5:35  Nexus  
  73  5:40  Pylon  
  73  5:42  Probe (Chrono Boost)  
  74  5:44  Twilight Council  
  74  5:49  Immortal  
  78  5:53  Protoss Ground Weapons Level 1  
  78  5:57  Pylon  
  78  5:59  Probe (Chrono Boost)  
  79  6:05  Pylon  
  79  6:11  Probe (Chrono Boost)  
  80  6:13  Probe (Chrono Boost)  
  81  6:21  Probe (Chrono Boost)  
  81  6:25  Probe (Chrono Boost)  
  83  6:28  Immortal  
  83  6:32  Probe (Chrono Boost)  
  88  6:35  Probe (Chrono Boost)  
  88  6:38  Resonating Glaives  
  89  6:43  Probe (Chrono Boost)  
  89  6:46  Probe (Chrono Boost)  
  91  6:49  Adept x3  
  91  6:53  Probe x2 (Chrono Boost)  
  98  6:57  Probe (Chrono Boost)  
  98  6:59  Photon Cannon  
  99  7:04  Probe (Chrono Boost)  
  99  7:07  Probe (Chrono Boost)  
  99  7:08  Templar Archives  
  101  7:09  Gateway  
  101  7:11  Gateway  
  101  7:18  Probe (Chrono Boost)  
  101  7:19  Immortal (Chrono Boost)  
  106  7:24  Gateway  
  106  7:25  Gateway  
  106  7:26  Probe (Chrono Boost)  
  106  7:27  Probe (Chrono Boost), Pylon  
  108  7:33  Probe (Chrono Boost)  
  109  7:38  Assimilator  
  109  7:41  Photon Cannon, Psionic Storm  
  109  7:42  Assimilator  
  109  7:45  Forge  
  109  7:47  High Templar x3  
  115  7:53  Photon Cannon  
  115  8:01  Immortal (Chrono Boost)  
  115  8:04  Blink  
  119  8:07  Pylon  
  119  8:09  Pylon  
  119  8:16  High Templar  
  121  8:21  Protoss Ground Weapons Level 2 (Chrono Boost)  
  121  8:24  Adept  
  121  8:25  Adept  
  121  8:26  Gateway  
  125  8:28  Gateway  
  125  8:32  Pylon  
  125  8:37  Nexus  
  125  8:40  Pylon  
  125  8:42  Photon Cannon  
  125  8:43  Protoss Ground Armor Level 1 (Chrono Boost)  
  125  8:46  Adept x3  
  131  9:03  Stalker x3  
  131  9:04  Stalker  
  131  9:08  Robotics Bay  
  139  9:16  Pylon  
  139  9:19  Pylon  
  135  9:33  Probe, Stalker  
  135  9:34  Stalker x6  
  148  9:44  Assimilator  
  146  9:45  Probe  
  146  9:49  Assimilator  
  143  9:57  Probe  
  143  9:59  Photon Cannon, Disruptor (Chrono Boost)  
  144  10:02  Photon Cannon x2  
  144  10:05  Photon Cannon  
  147  10:11  Pylon  
  147  10:16  High Templar x2, Archon  
  147  10:17  Stalker x4  
  159  10:25  Archon  
  159  10:26  Probe  
  159  10:27  Disruptor  
  160  10:32  Pylon  
  163  10:36  Pylon  
  163  10:39  Adept x3  
  163  10:40  Pylon  
  169  10:46  Fleet Beacon  
  169  10:49  Stargate  
  169  10:50  Pylon  
  169  10:51  Pylon  
  169  10:56  Adept x6  
  171  11:08  Probe  
  173  11:21  Zealot  
  173  11:22  Nexus  
  173  11:24  Pylon  
  163  11:40  Stalker x3  
  163  11:41  Stalker x3  
Show
View Real Time Build Order
Export as new Build Order

MajorWalec Terran 

Build Orders: Reaper Expand, MMM Bio 

Get SALT Encoding   

  12  0:01  SCV  
  13  0:13  SCV  
  14  0:17  Supply Depot  
  14  0:25  SCV  
  15  0:39  SCV  
  15  0:40  Barracks  
  16  0:45  Refinery  
  16  0:51  SCV  
  17  1:03  SCV  
  18  1:15  SCV  
  19  1:30  Orbital Command  
  19  1:31  Reaper  
  20  1:44  Command Center  
  20  1:53  Supply Depot  
  20  1:57  SCV  
  20  2:01  Refinery  
  21  2:05  Barracks Reactor  
  21  2:09  SCV  
  22  2:21  SCV  
  23  2:24  Factory  
  23  2:33  SCV  
  24  2:43  Marine x2  
  26  2:45  SCV  
  27  2:57  Orbital Command  
  27  2:58  SCV  
  28  3:01  Marine x2  
  30  3:10  SCV  
  31  3:16  Widow Mine  
  31  3:19  Marine x2  
  35  3:20  Starport  
  35  3:22  SCV  
  35  3:25  SCV  
  37  3:34  SCV  
  37  3:39  Barracks  
  39  3:44  SCV, Widow Mine  
  39  3:46  SCV  
  41  3:48  Supply Depot  
  41  3:56  SCV  
  41  3:57  Medivac  
  41  3:58  SCV  
  45  4:05  Command Center  
  45  4:08  SCV  
  46  4:10  SCV  
  46  4:15  Supply Depot  
  46  4:16  Factory Reactor  
  46  4:17  Marine x2  
  47  4:20  SCV  
  47  4:22  SCV  
  51  4:26  Barracks Tech Lab  
  51  4:32  Starport Reactor  
  51  4:35  SCV x2  
  53  4:39  Marine x2  
  53  4:40  Refinery  
  53  4:44  Stimpack, Supply Depot  
  55  4:48  Marine  
  55  4:49  SCV x2, Engineering Bay x2  
  58  4:53  Widow Mine  
  60  5:00  Armory  
  60  5:01  SCV  
  60  5:02  SCV  
  62  5:09  Widow Mine, Medivac  
  62  5:10  Marine  
  62  5:13  SCV  
  68  5:15  SCV  
  65  5:25  SCV  
  65  5:26  Terran Infantry Armor Level 1, Terran Infantry Weapons Level 1  
  66  5:29  SCV  
  61  5:35  Marine  
  61  5:36  Marine x2  
  61  5:37  SCV  
  61  5:40  Missile Turret  
  61  5:41  SCV  
  66  5:45  Missile Turret  
  66  5:47  Terran Ship Weapons Level 1  
  66  5:49  SCV  
  67  5:53  SCV, Marine  
  67  5:55  Orbital Command  
  69  5:58  Marine x2  
  69  5:59  Refinery, Widow Mine x2  
  69  6:01  SCV  
  76  6:05  SCV  
  76  6:10  Supply Depot  
  77  6:11  Marine  
  77  6:13  SCV  
  77  6:17  SCV  
  77  6:18  Missile Turret  
  75  6:25  SCV  
  75  6:26  SCV  
  72  6:40  SCV x2  
  72  6:43  Marine x3  
  77  6:49  SCV  
  77  6:52  SCV  
  79  7:00  Marine  
  79  7:01  SCV, Marine  
  81  7:02  SCV, Marine  
  81  7:06  Medivac x2  
  81  7:07  Widow Mine x2, Supply Depot  
  81  7:08  Supply Depot  
  92  7:16  SCV x3  
  92  7:20  Combat Shields, Supply Depot  
  92  7:21  Terran Infantry Armor Level 2, Terran Infantry Weapons Level 2  
  93  7:28  Marine x3  
  96  7:31  Refinery  
  96  7:35  Command Center  
  96  7:36  Barracks  
  96  7:38  Barracks, Missile Turret  
  96  7:39  Missile Turret  
  96  7:40  Barracks  
  96  7:44  Liberator  
  96  7:45  SCV x2  
  96  7:46  SCV, Marine  
  100  7:51  Marine  
  100  7:52  Marauder, Supply Depot  
  100  7:54  Supply Depot  
  103  7:59  Starport  
  103  8:01  Liberator  
  103  8:03  SCV x3  
  103  8:04  Marine  
  110  8:06  Supply Depot  
  110  8:10  Missile Turret  
  108  8:13  Marauder, Supply Depot  
  108  8:15  SCV, Marine  
  108  8:16  Widow Mine x2  
  117  8:22  Marine  
  117  8:24  Barracks Tech Lab, Ghost Academy  
  117  8:25  Barracks Tech Lab  
  117  8:26  Barracks Tech Lab  
  118  8:28  SCV x3  
  121  8:34  Marauder  
  121  8:39  Concussive Shells, Supply Depot  
  121  8:40  SCV  
  121  8:41  Starport Tech Lab  
  124  8:42  Fusion Core  
  124  8:45  Marine x2, Marauder x3  
  132  8:51  Orbital Command  
  132  8:55  SCV x3, Marine, Barracks x2  
  133  9:03  Marine  
  134  9:15  Ghost x3  
  140  9:20  Marine x2, Refinery x2, Marauder  
  144  9:29  Liberator x2  
  140  9:38  Marine x2, Refinery  
  132  9:42  Marauder, Refinery  
  132  9:43  Marine  
  132  9:44  Marauder  
  130  10:02  Ghost, Barracks Tech Lab x2  
  130  10:03  Marine x4  
  130  10:05  Marine  
  137  10:07  SCV  
  137  10:08  SCV x2  
  140  10:16  Barracks x2, Advanced Ballistics  
  140  10:18  Barracks  
  140  10:21  Marine x2  
  141  10:28  Command Center  
  142  10:31  Supply Depot  
  142  10:33  Refinery, Supply Depot  
  142  10:39  Marine x8  
  149  10:57  Marine x7  
  123  11:07  Ghost, Barracks Tech Lab x3  
  123  11:10  Widow Mine  
  118  11:12  Supply Depot  
  118  11:14  Marine  
  118  11:15  Marine x2  
  118  11:16  Marauder x2  
Tags
 
Add a new tag
Caveats
  • Supply blocks, unpowered buildings, or Contaminate may cause inaccurate times.
  • Supply counts are checked every 10 seconds.